 Dungeon Crawl Stone Soup version 0.29.1-1-gd02db6906a (webtiles) character file.

Game seed: 3258047361434017833

28 tardwrangler69 the Digger (level 3, 0/21 HPs)
             Began as an Octopode Earth Elementalist on Oct 4, 2022.
             Slain by a kobold
             ... wielding a +0 short sword
              (4 damage)
             ... on level 2 of the Dungeon.
             The game lasted 00:00:56 (1054 turns).

tardwrangler69 the Digger (OpEE)                    Turns: 1054, Time: 00:00:56

Health: 0/21       AC:  1    Str:  7    XL:     3   Next: 14%
Magic:  0/7        EV: 13    Int: 25    God:
Gold:   4          SH:  0    Dex: 12    Spells: 6/7 levels left

rFire   . . .      SeeInvis .   g - +2 dagger (venom)
rCold   . . .      Faith    .   (no shield)
rNeg    . . .      Spirit   .   (helmet restricted)
rPois   .          Reflect  .   (no amulet)
rElec   .          Harm     .   f - +6 ring of intelligence
rCorr   .          Rampage  .   (no ring)
Will    .....                   (no ring)
Stlth   +++.......              (no ring)
HPRegen 0.07/turn               (no ring)
MPRegen 0.10/turn               (no ring)
                                (no ring)
                                (no ring)

@: no status effects
A: almost no armour, amphibious, 8 rings, camouflage 1, gelatinous body 1,
(nimble swimmer 1), tentacles
a: no special abilities


You were on level 2 of the Dungeon.
You visited 1 branch of the dungeon, and saw 2 of its levels.

You collected 4 gold pieces.

Inventory:

Hand Weapons
 g - a +2 dagger of venom (weapon)
Jewellery
 f - a +6 ring of intelligence (left tentacle)
Scrolls
 c - 2 scrolls of identify {unknown}
Potions
 a - a potion of magic
 b - a potion of might {unknown}
 d - a potion of heal wounds {unknown}
 e - a potion of curing {unknown}


   Skills:
 - Level 2.0 Dodging
 - Level 2.6 Stealth
 + Level 2.7 Spellcasting
 - Level 1.0 Transmutations
 + Level 3.6 Earth Magic


You had 6 spell levels left.
You knew the following spells:

 Your Spells              Type           Power      Damage    Failure   Level
a - Sandblast             Erth           42%        2d11      2%          1

Your spell library contained the following spells:

 Spells                   Type           Power      Damage    Failure   Level
 Passwall                 Tmut/Erth      12%        N/A       6%          2
 Stone Arrow              Conj/Erth      24%        3d8       14%         3
 Petrify                  Tmut/Erth      15%        N/A       36%         4
 Passage of Golubria      Tloc           3%         N/A       71%         4
 Silence                  Hex/Air        1%         N/A       96%         5
 Lehudib's Crystal Spear  Conj/Erth      6%         10d3      100%        8


Dungeon Overview and Level Annotations

Branches:
Dungeon (2/15)

Altars:


Innate Abilities, Weirdness & Mutations

You cannot wear most types of armour.
You are amphibious.
You can wear up to eight rings at the same time.
Your skin changes colour to match your surroundings (Stealth+).
Your rubbery body absorbs attacks. (AC +1, EV +1)
((You are camouflaged when in or above water. (Stealth+)))
You have tentacles for arms and can constrict up to eight enemies at once.


Message History

You start resting.
A kobold is nearby!
Casting: Sandblast (safe; 2% risk of failure)
Confirm with . or Enter, or press ? or * to list all spells.
Aiming: Sandblast (safe; 2% risk of failure)
Press: ? - help, Shift-Dir - straight line, f - kobold
Aim: a kobold, wielding a +0 short sword (79% to hit)
The blast of sand misses the kobold.
The kobold closely misses you.
Okay, then.
Unknown command.
Casting: Sandblast (safe; 2% risk of failure)
Confirm with . or Enter, or press ? or * to list all spells.
Aiming: Sandblast (safe; 2% risk of failure)
Press: ? - help, Shift-Dir - straight line, f/p - kobold
Aim: a kobold, wielding a +0 short sword (79% to hit)
The blast of sand hits the kobold but does no damage.
The kobold hits you with a +0 short sword.
Casting: Sandblast (safe; 2% risk of failure)
Confirm with . or Enter, or press ? or * to list all spells.
Aiming: Sandblast (safe; 2% risk of failure)
Press: ? - help, Shift-Dir - straight line, f/p - kobold
Aim: a kobold, wielding a +0 short sword (79% to hit)
The blast of sand misses the kobold.
The kobold hits you with a +0 short sword.
* * * LOW HITPOINT WARNING * * *
The kobold barely misses you.
A kobold is nearby!
A kobold is nearby!
You hit the kobold but do no damage.
The kobold is poisoned.
Your grab misses the kobold.
You squeeze the kobold, but do no damage.
The kobold misses you.
You hit the kobold but do no damage.
The kobold looks even sicker.
You grab the kobold.
The kobold is moderately wounded.
You constrict the kobold, but do no damage.
The kobold barely misses you.
You release your grip on the kobold.
The kobold attacks as you move away!
The kobold hits you with a +0 short sword.
You die...

#.# #.# #.#####
#.....# #####.# ~g.
#.# ~~~~~ #.# ≈~.≈
#.# ~~# ~
#@#####.## .#
#K#..#...#...
######.#..........
.............K.....
?######.....)......
#.....)......
#....#...#...
#..####.## .# #..#
≈≈#


You could see a kobold (very poisoned).

Vanquished Creatures
  3 ball pythons
  2 endoplasms (D:1)
  2 goblins
  2 hobgoblins (D:1)
  4 jackals (D:1)
  A quokka (D:1)
  A bat (D:1)
  5 frilled lizards (D:1)
  4 kobolds
  3 rats (D:2)
27 creatures vanquished.

Vanquished Creatures (others)
  2 plants (D:2)
2 creatures vanquished.

Grand Total: 29 creatures vanquished

Notes
Turn   | Place    | Note
-------+----------+-------------------------------------------
     0 | D:1      | tardwrangler69 the Octopode Earth Elementalist began the
                  | quest for the Orb.
     0 | D:1      | Reached XP level 1. HP: 11/11 MP: 3/3
   298 | D:1      | Reached XP level 2. HP: 17/17 MP: 3/5
   644 | D:1      | Found a faded altar of an unknown god.
   991 | D:2      | Reached XP level 3. HP: 21/21 MP: 4/6
  1054 | D:2      | Slain by a kobold

Illustrated notes

Levels and vault maps discovered:
D:1:      dpeg_arrival_three_smaller_balls, layout_loops_ring,
          shapermc_ecumenical_altar_mp_highgroup
D:2:      wad_lake_hut, layout_loops_ring, minmay_fountain_box,
          chequers_serial_rivers_marsh

Action                   || total
-------------------------++-------
Melee: Unarmed           ||     7
       Dagger            ||     5
       Constrict         ||     3
       Tentacles         ||     2
 Cast: Sandblast         ||    32
Armor: Skin              ||     1
Dodge: Dodged            ||    24
